Nordiques vs Jets

Created - 12 février 2021 at 15:54

Goals
1 2 3 T
Nordiques 0 2 2 4
Jets 2 1 5 8
Shots
1 2 3 T
Nordiques 5 11 13 29
Jets 12 10 17 39

1st period

1. Jets , Victor Olofsson 17 (Nathan MacKinnon 23, Mark Pysyk 5) at 7:53
2. Jets , Kyle Turris 11 (Mark Pysyk 6, Andreas Athanasiou 12) at 18:20

Penalties :
Brett Pesce (WIN) for Slashing (Minor) at 8:57

2nd period

3. Nordiques , Justin Abdelkader 11 (Kirby Dach 20, Travis Sanheim 11) at 1:01 (PP)
4. Jets , Victor Olofsson 18 (Nathan MacKinnon 24, Josh Manson 8) at 1:23
5. Nordiques , Cole Schneider 6 (Joel L'Esperance 9, Philippe Myers 9) at 11:25

Penalties :
Erik Gudbranson (WIN) for Holding (Minor) at 0:22, Erik Gudbranson (WIN) for Tripping (Minor) at 2:00, Wayne Simmonds (WIN) for Slashing (Minor) at 8:52, Brandon Dubinsky (QUE) for Interference (Minor) at 14:19, Zach Aston-Reese (WIN) for Roughing (Minor) at 18:03

3rd period

6. Jets , Wayne Simmonds 8 (Kyle Turris 15, William Carrier 3) at 3:08
7. Jets , Kyle Turris 12 (Wayne Simmonds 12, Erik Gudbranson 8) at 4:47
8. Jets , Victor Olofsson 19 (Nathan MacKinnon 25) at 6:32
9. Nordiques , Kirby Dach 15 (Justin Abdelkader 14, Travis Sanheim 12) at 9:21
10. Jets , Victor Olofsson 20 (Nathan MacKinnon 26, Brett Pesce 7) at 10:31
11. Jets , Kyle Turris 13 (Andreas Athanasiou 13) at 10:43
12. Nordiques , Kirby Dach 16 (Justin Abdelkader 15, Brandon Dubinsky 14) at 17:51

Penalties :
Erik Gudbranson (WIN) for Fighting (Major) at 7:29, Hudson Fasching (QUE) for Fighting (Major) at 7:29

Goalie Stats

Craig Anderson (QUE), 23 saves from 29 shots - (0,793), L, 5-8-2, 46:32 minutes
Dan Vladar (QUE), 8 saves from 10 shots - (0,800), 13:28 minutes
Mackenzie Blackwood (WIN), 25 saves from 29 shots - (0,862), W, 13-13-1, 60:00 minutes

Players Stats for Nordiques

Player Name              G  A  P  +/- PIM S  H  SB GA TA FO     MP     PP MP  PK MP  
------------------------------------------------------------------------------------
Alexander Wennberg       0  0  0  -2  0   2  0  0  1  0  0/1    22:55   4:36   1:13 
Brandon Dubinsky         0  1  1  -1  2   1  2  0  0  0  7/15   16:17   3:59   0:00 
Brent Seabrook           0  0  0  -1  0   1  1  4  0  2  0/0    27:52   5:22   1:03 
C.J. Smith               0  0  0   0  0   0  0  0  0  0  0/0     1:04   0:00   0:00 
Cole Schneider           1  0  1   0  0   2  1  0  0  0  0/1     9:10   0:00   0:00 
David Backes             0  0  0  -2  0   0  2  0  0  1  0/0    11:21   0:00   0:23 
Hudson Fasching          0  0  0   0  5   0  0  1  0  0  0/0     8:05   0:00   0:00 
Joel Farabee             0  0  0  -2  0   0  0  1  0  0  1/1    11:44   0:00   0:46 
Joel L'Esperance         0  1  1   0  0   4  0  0  0  0  1/3     9:10   0:00   0:00 
Justin Abdelkader        1  2  3  -1  0   2  3  0  2  0  0/0    16:11   3:59   0:00 
Justin Holl              0  0  0  -4  0   0  2  0  0  0  0/0    20:14   3:13   0:56 
Kirby Dach               2  1  3  -1  0   6  1  0  2  1  0/0    16:11   3:59   0:00 
Lawrence Pilut           0  0  0  -1  0   1  0  2  0  0  0/0     2:54   0:00   0:00 
Mathieu Perreault        0  0  0  -2  0   1  0  0  0  0  1/2    10:58   0:00   0:00 
Philippe Myers           0  1  1   0  0   0  2  0  0  0  0/0    11:54   0:00   0:00 
Ryan Lindgren            0  0  0   0  0   0  1  2  0  1  0/0    11:54   0:00   0:00 
Sebastian Aho            0  0  0  -2  0   3  0  1  1  2  20/31  22:55   4:36   1:13 
Shayne Gostisbehere      0  0  0  -4  0   2  0  1  0  0  0/0    20:14   3:13   0:56 
Travis Sanheim           0  2  2   0  0   1  0  3  0  0  0/0    24:58   5:22   1:03 
Tyler Johnson            0  0  0  -2  0   3  0  2  0  0  0/1    21:58   4:36   0:23 

Players Stats for Jets

Player Name              G  A  P  +/- PIM S  H  SB GA TA FO     MP     PP MP  PK MP  
------------------------------------------------------------------------------------
Andreas Athanasiou       0  2  2   3  0   4  0  1  2  0  0/0    14:39   1:01   0:18 
Brett Pesce              0  1  1   1  2   0  0  0  0  0  0/0    19:12   1:09   2:24 
Colton Sissons           0  0  0  -1  0   1  1  0  0  0  3/4     9:30   0:00   0:01 
Dakota Mermis            0  0  0   1  0   0  0  0  1  0  0/0     5:19   0:00   0:17 
Erik Gudbranson          0  1  1   1  9   2  2  1  1  1  0/0    24:18   0:50   3:29 
Filip Chytil             0  0  0  -1  0   1  0  0  0  0  0/0    10:36   0:00   1:07 
James van Riemsdyk       0  0  0   4  0   0  1  0  0  2  1/3    22:54   0:58   4:58 
Janne Kuokkanen          0  0  0  -1  0   3  0  3  0  0  1/2     8:05   0:00   0:00 
Jonathan Ericsson        0  0  0   2  0   0  0  2  0  0  0/0    13:11   0:00   2:25 
Josh Manson              0  1  1   1  0   3  1  3  0  0  0/0    26:03   0:50   5:23 
Josh Morrissey           0  0  0   1  0   3  2  4  2  1  0/0    19:54   1:09   3:12 
Kyle Turris              3  1  4   3  0   5  2  0  1  0  5/6    18:17   1:01   2:39 
Mark Pysyk               0  2  2   3  0   2  0  0  0  1  0/0    13:33   0:00   0:00 
Mike Sgarbossa           0  0  0   0  0   0  0  0  0  0  0/0     0:36   0:00   0:00 
Nathan MacKinnon         0  4  4   4  0   3  3  0  0  0  14/37  22:59   0:58   5:03 
Troy Brouwer             0  0  0  -1  0   0  0  0  0  0  0/0     8:05   0:00   0:00 
Victor Olofsson          4  0  4   4  0   7  1  0  0  0  1/3    21:21   0:58   2:39 
Wayne Simmonds           1  1  2   3  2   2  2  0  0  1  0/0    14:20   1:01   0:00 
William Carrier          0  1  1  -1  0   2  0  0  0  0  0/0     8:05   0:00   0:00 
Zach Aston-Reese         0  0  0  -1  2   1  0  0  0  0  0/0    10:22   0:00   0:25 

3 Stars

1 - Victor Olofsson (WIN)
2 - Kyle Turris (WIN)
3 - Nathan MacKinnon (WIN)

Power Play

Nordiques - 1 on 5 Attempt(s) - 20,00%
Jets - 0 on 1 Attempt(s) - 0,00%

Penalty Kill

Nordiques - 1 on 1 Attempt(s) - 100,00% - Score 0 goal in Penalty Kill
Jets - 4 on 5 Attempt(s) - 80,00% - Score 0 goal in Penalty Kill

Team Stat

Nordiques - Hits : 15 - Faceoff Wins : 30 - Blocked Shots : 17 - Penalty Minutes : 7
Jets - Hits : 15 - Faceoff Wins : 25 - Blocked Shots : 14 - Penalty Minutes : 15

Official

Referees : Jon McIsaac and Justin St. Pierre
Linesman : Kyle Allen and Steven Berry

Game Notes

Victor Olofsson has scored a Hat Trick!
Dan Vladar enters game at 6:32 of 3rd period
Erik Gudbranson and Hudson Fasching fight to a draw at 7:29 of 3rd period
Kyle Turris has scored a Hat Trick!

Finance

Level 1 -- Attendance: 5509 (91,82%) -- Ticket Income 523 355 $
Level 2 -- Attendance: 4795 (95,90%) -- Ticket Income 287 700 $
Level 3 -- Attendance: 1402 (70,10%) -- Ticket Income 63 090 $
Level 4 -- Attendance: 2676 (66,90%) -- Ticket Income 72 252 $
Luxury Box -- Attendance: 774 (77,40%) -- Ticket Income 162 540 $
Game was played at the No Name Arena.
Total Attendance: 15156 (84,20%)
Total Ticket Income: 1 108 937 $
Other Income: 543 379 $
Total Income: 1 652 316 $

Nordiques

5 vs 5 Forward 
   Center                   Left Wing                Right Wing               Time % Phy DF OF 
 1 Sebastian Aho            Alexander Wennberg       Tyler Johnson            40     1   2  2  
 2 Brandon Dubinsky         Justin Abdelkader        Kirby Dach               30     1   2  2  
 3 Mathieu Perreault        Joel Farabee             David Backes             20     1   2  2  
 4 Joel L'Esperance         Cole Schneider           Hudson Fasching          10     1   2  2  

5 vs 5 Defense 
   Defense                  Defense                                           Time % Phy DF OF 
 1 Brent Seabrook           Travis Sanheim                                    40     1   2  2  
 2 Justin Holl              Shayne Gostisbehere                               30     1   2  2  
 3 Philippe Myers           Ryan Lindgren                                     20     1   2  2  
 4 Lawrence Pilut           Brent Seabrook                                    10     1   2  2  

PowerPlay Forward 
   Center                   Left Wing                Right Wing               Time % Phy DF OF 
 1 Sebastian Aho            Alexander Wennberg       Tyler Johnson            60     1   2  2  
 2 Brandon Dubinsky         Justin Abdelkader        Kirby Dach               40     1   2  2  

PowerPlay Defense
   Defense                  Defense                                           Time % Phy DF OF 
 1 Brent Seabrook           Travis Sanheim                                    60     1   2  2  
 2 Justin Holl              Shayne Gostisbehere                               40     1   2  2  

Penalty Kill 4 Players Forward 
   Center                   Wing                     Time % Phy DF OF 
 1 Sebastian Aho            Alexander Wennberg       60     1   2  2  
 2 Tyler Johnson            Brandon Dubinsky         40     1   2  2  

Penalty Kill 4 Players Defense
   Defense                  Defense                  Time % Phy DF OF 
 1 Brent Seabrook           Travis Sanheim           60     1   2  2  
 2 Justin Holl              Shayne Gostisbehere      40     1   2  2  

Penalty Kill - 3 Players Forward 
   Forward                                           Time % Phy DF OF 
 1 Sebastian Aho                                     60     1   2  2  
 2 Alexander Wennberg                                40     1   2  2  

Penalty Kill - 3 Players Defense
   Defense                  Defense                  Time % Phy DF OF 
 1 Brent Seabrook           Travis Sanheim           60     1   2  2  
 2 Justin Holl              Shayne Gostisbehere      40     1   2  2  

4 vs 4 Forward 
   Center                   Wing                     Time % Phy DF OF 
 1 Sebastian Aho            Alexander Wennberg       60     1   2  2  
 2 Tyler Johnson            Brandon Dubinsky         40     1   2  2  

4 vs 4 Defense
   Defense                  Defense                  Time % Phy DF OF 
 1 Brent Seabrook           Travis Sanheim           60     1   2  2  
 2 Justin Holl              Shayne Gostisbehere      40     1   2  2  

Last Minutes Offensive
   Center                   Left Wing                Right Wing               Defense                  Defense                  
   Sebastian Aho            Alexander Wennberg       Tyler Johnson            Brent Seabrook           Travis Sanheim           

Last Minutes Defensive
   Center                   Left Wing                Right Wing               Defense                  Defense                  
   Sebastian Aho            Alexander Wennberg       Tyler Johnson            Brent Seabrook           Travis Sanheim           

Goaltenders
Starting : Craig Anderson           
Backup : Dan Vladar               

Extra Forwards
Normal : C.J. Smith, Mathieu Perreault, Joel Farabee - PP : C.J. Smith, Mathieu Perreault - PK : Joel Farabee
Extra Defensemen
Normal : Philippe Myers, Ryan Lindgren, Lawrence Pilut - PP : Philippe Myers - PK : Ryan Lindgren, Lawrence Pilut
Penalty Shots
Sebastian Aho, Alexander Wennberg, Tyler Johnson, Brandon Dubinsky, Justin Holl
Custom OT Lines Forwards
Sebastian Aho, Alexander Wennberg, Tyler Johnson, Brandon Dubinsky, Justin Holl, Justin Abdelkader, Kirby Dach, Mathieu Perreault, Joel Farabee, David Backes
Custom OT Lines Defensemen
Brent Seabrook, Travis Sanheim, Justin Holl, Shayne Gostisbehere, Philippe Myers

Scratches
None

Jets

5 vs 5 Forward 
   Center                   Left Wing                Right Wing               Time % Phy DF OF 
 1 Nathan MacKinnon         James van Riemsdyk       Victor Olofsson          40     1   2  2  
 2 Kyle Turris              Andreas Athanasiou       Wayne Simmonds           30     1   2  2  
 3 Colton Sissons           Filip Chytil             Zach Aston-Reese         20     1   2  2  
 4 Janne Kuokkanen          William Carrier          Troy Brouwer             10     1   2  2  

5 vs 5 Defense 
   Defense                  Defense                                           Time % Phy DF OF 
 1 Erik Gudbranson          Josh Manson                                       40     1   2  2  
 2 Brett Pesce              Josh Morrissey                                    30     1   2  2  
 3 Mark Pysyk               Jonathan Ericsson                                 20     1   2  2  
 4 Dakota Mermis            Erik Gudbranson                                   10     1   2  2  

PowerPlay Forward 
   Center                   Left Wing                Right Wing               Time % Phy DF OF 
 1 Nathan MacKinnon         James van Riemsdyk       Victor Olofsson          60     1   2  2  
 2 Kyle Turris              Andreas Athanasiou       Wayne Simmonds           40     1   2  2  

PowerPlay Defense
   Defense                  Defense                                           Time % Phy DF OF 
 1 Erik Gudbranson          Josh Manson                                       60     1   2  2  
 2 Brett Pesce              Josh Morrissey                                    40     1   2  2  

Penalty Kill 4 Players Forward 
   Center                   Wing                     Time % Phy DF OF 
 1 Nathan MacKinnon         James van Riemsdyk       60     1   2  2  
 2 Victor Olofsson          Kyle Turris              40     1   2  2  

Penalty Kill 4 Players Defense
   Defense                  Defense                  Time % Phy DF OF 
 1 Erik Gudbranson          Josh Manson              60     1   2  2  
 2 Brett Pesce              Josh Morrissey           40     1   2  2  

Penalty Kill - 3 Players Forward 
   Forward                                           Time % Phy DF OF 
 1 Nathan MacKinnon                                  60     1   2  2  
 2 James van Riemsdyk                                40     1   2  2  

Penalty Kill - 3 Players Defense
   Defense                  Defense                  Time % Phy DF OF 
 1 Erik Gudbranson          Josh Manson              60     1   2  2  
 2 Brett Pesce              Josh Morrissey           40     1   2  2  

4 vs 4 Forward 
   Center                   Wing                     Time % Phy DF OF 
 1 Nathan MacKinnon         James van Riemsdyk       60     1   2  2  
 2 Victor Olofsson          Kyle Turris              40     1   2  2  

4 vs 4 Defense
   Defense                  Defense                  Time % Phy DF OF 
 1 Erik Gudbranson          Josh Manson              60     1   2  2  
 2 Brett Pesce              Josh Morrissey           40     1   2  2  

Last Minutes Offensive
   Center                   Left Wing                Right Wing               Defense                  Defense                  
   Nathan MacKinnon         James van Riemsdyk       Victor Olofsson          Erik Gudbranson          Josh Manson              

Last Minutes Defensive
   Center                   Left Wing                Right Wing               Defense                  Defense                  
   Nathan MacKinnon         James van Riemsdyk       Victor Olofsson          Erik Gudbranson          Josh Manson              

Goaltenders
Starting : Mackenzie Blackwood      
Backup : Jonathan Bernier         

Extra Forwards
Normal : Mike Sgarbossa, Colton Sissons, Filip Chytil - PP : Mike Sgarbossa, Colton Sissons - PK : Filip Chytil
Extra Defensemen
Normal : Mark Pysyk, Jonathan Ericsson, Dakota Mermis - PP : Mark Pysyk - PK : Jonathan Ericsson, Dakota Mermis
Penalty Shots
Nathan MacKinnon, James van Riemsdyk, Victor Olofsson, Kyle Turris, Andreas Athanasiou
Custom OT Lines Forwards
Nathan MacKinnon, James van Riemsdyk, Victor Olofsson, Kyle Turris, Andreas Athanasiou, Wayne Simmonds, Colton Sissons, Filip Chytil, Zach Aston-Reese, Janne Kuokkanen
Custom OT Lines Defensemen
Erik Gudbranson, Josh Manson, Brett Pesce, Josh Morrissey, Mark Pysyk

Scratches
Nate Prosser (Healthy)

% Time on Ice - Nordiques

Lines # - Real PCT - Wanted PCT - Time Play
Normal Forward
1 - 35% - 40% - 17:06
2 - 25% - 30% - 12:12
3 - 22% - 20% - 10:58
4 - 19% - 10% - 9:10
Normal Defense
1 - 38% - 40% - 18:33
2 - 33% - 30% - 16:05
3 - 24% - 20% - 11:54
4 - 6% - 10% - 2:54
PP Forward
1 - 54% - 60% - 4:36
2 - 46% - 40% - 3:59
PP Defense
1 - 63% - 60% - 5:22
2 - 37% - 40% - 3:13
PK Forward
1 - 81% - 60% - 1:36
2 - 19% - 40% - 0:23
PK Defense
1 - 53% - 60% - 1:03
2 - 47% - 40% - 0:56
PK3 Forward
1 - 0% - 60%
2 - 0% - 40%
PK3 Defense
1 - 0% - 60%
2 - 0% - 40%
44 Forward
1 - 0% - 60%
2 - 0% - 40%
44 Defense
1 - 0% - 60%
2 - 0% - 40%
Last Minute Offensive  - 0:00
Last Minute Defensive  - 0:00
Total
Forward - 60:00
Defense - 60:00

% Time on Ice - Jets

Lines # - Real PCT - Wanted PCT - Time Play
Normal Forward
1 - 34% - 40% - 16:58
2 - 30% - 30% - 14:54
3 - 19% - 20% - 9:29
4 - 16% - 10% - 8:05
Normal Defense
1 - 40% - 40% - 19:36
2 - 31% - 30% - 15:33
3 - 19% - 20% - 9:38
4 - 9% - 10% - 4:39
PP Forward
1 - 49% - 60% - 0:58
2 - 51% - 40% - 1:01
PP Defense
1 - 42% - 60% - 0:50
2 - 58% - 40% - 1:09
PK Forward
1 - 69% - 60% - 5:56
2 - 31% - 40% - 2:39
PK Defense
1 - 63% - 60% - 5:23
2 - 37% - 40% - 3:12
PK3 Forward
1 - 0% - 60%
2 - 0% - 40%
PK3 Defense
1 - 0% - 60%
2 - 0% - 40%
44 Forward
1 - 0% - 60%
2 - 0% - 40%
44 Defense
1 - 0% - 60%
2 - 0% - 40%
Last Minute Offensive  - 0:00
Last Minute Defensive  - 0:00
Total
Forward - 60:00
Defense - 60:00

Play-by-Play

1st period


0:01 of 1st period - Victor Olofsson wins face-off versus Sebastian Aho in neutral zone.
0:03 of 1st period - Off-side.
0:04 of 1st period - Nathan MacKinnon wins face-off versus Sebastian Aho in neutral zone.
1:08 of 1st period - Wrist shot by Janne Kuokkanen.
1:08 of 1st period - Stopped by Craig Anderson without a rebound.
1:09 of 1st period - Joel L'Esperance wins face-off versus Janne Kuokkanen in Nordiques zone.
1:16 of 1st period - Wrist shot by William Carrier.
1:16 of 1st period - Stopped by Craig Anderson with a rebound.
1:22 of 1st period - Wrist shot by Janne Kuokkanen.
1:22 of 1st period - Stopped by Craig Anderson with a rebound.
1:24 of 1st period - Snap shot by Josh Morrissey.
1:24 of 1st period - Stopped by Craig Anderson with a rebound.
1:47 of 1st period - Ryan Lindgren is hit by James van Riemsdyk and loses puck.
1:54 of 1st period - Jonathan Ericsson is hit by Philippe Myers and loses puck.
2:01 of 1st period - Slapshot by Tyler Johnson.
2:01 of 1st period - Shot Misses the Net.
2:03 of 1st period - Slapshot by Ryan Lindgren.
2:03 of 1st period - Shot Blocked by Jonathan Ericsson.
2:05 of 1st period - Wrist shot by Tyler Johnson.
2:05 of 1st period - Stopped by Mackenzie Blackwood with a rebound.
2:41 of 1st period - Slapshot by Sebastian Aho.
2:41 of 1st period - Stopped by Mackenzie Blackwood without a rebound.
2:42 of 1st period - Kyle Turris wins face-off versus Brandon Dubinsky in Jets zone.
2:53 of 1st period - Wrist shot by Andreas Athanasiou.
2:53 of 1st period - Stopped by Craig Anderson without a rebound.
2:54 of 1st period - Kyle Turris wins face-off versus Brandon Dubinsky in Nordiques zone.
4:02 of 1st period - Wayne Simmonds is hit by Brandon Dubinsky and loses puck.
4:37 of 1st period - Snap shot by Sebastian Aho.
4:37 of 1st period - Shot Misses the Net.
4:39 of 1st period - Slapshot by Brent Seabrook.
4:39 of 1st period - Shot Blocked by Josh Morrissey.
4:41 of 1st period - Snap shot by Sebastian Aho.
4:41 of 1st period - Shot Blocked by Josh Morrissey.
5:11 of 1st period - Mark Pysyk is hit by Ryan Lindgren and loses puck.
5:22 of 1st period - Slapshot by Kirby Dach.
5:22 of 1st period - Shot Misses the Net.
6:09 of 1st period - Snap shot by Andreas Athanasiou.
6:09 of 1st period - Stopped by Craig Anderson with a rebound.
6:35 of 1st period - Off-side.
6:36 of 1st period - Nathan MacKinnon wins face-off versus Brandon Dubinsky in neutral zone.
7:06 of 1st period - Snap shot by Joel Farabee.
7:06 of 1st period - Shot Misses the Net.
7:12 of 1st period - Joel Farabee is hit by Erik Gudbranson and loses puck.
7:23 of 1st period - Wrist shot by Cole Schneider.
7:23 of 1st period - Stopped by Mackenzie Blackwood with a rebound.
7:53 of 1st period - Wrist shot by Victor Olofsson.
7:53 of 1st period - Goal by Victor Olofsson - Nordiques : 0 - Jets : 1.
7:54 of 1st period - Nathan MacKinnon wins face-off versus Brandon Dubinsky in neutral zone.
8:55 of 1st period - Snap shot by Sebastian Aho.
8:55 of 1st period - Shot Blocked by Janne Kuokkanen.
8:57 of 1st period - Minor Penalty to Brett Pesce for Slashing.
8:58 of 1st period - Brandon Dubinsky wins face-off versus Nathan MacKinnon in Jets zone.
10:31 of 1st period - Off-side.
10:32 of 1st period - Brandon Dubinsky wins face-off versus Victor Olofsson in neutral zone.
10:57 of 1st period - Penalty to Brett Pesce is over, Brett Pesce is back on ice.
11:15 of 1st period - Wrist shot by Mathieu Perreault.
11:15 of 1st period - Shot Misses the Net.
12:04 of 1st period - Wrist shot by Nathan MacKinnon.
12:04 of 1st period - Stopped by Craig Anderson without a rebound.
12:05 of 1st period - Nathan MacKinnon wins face-off versus Joel L'Esperance in Nordiques zone.
12:16 of 1st period - Wrist shot by Victor Olofsson.
12:16 of 1st period - Shot Misses the Net.
12:35 of 1st period - Wrist shot by Filip Chytil.
12:35 of 1st period - Stopped by Craig Anderson without a rebound.
12:36 of 1st period - Brandon Dubinsky wins face-off versus Nathan MacKinnon in Nordiques zone.
12:49 of 1st period - Wrist shot by Victor Olofsson.
12:49 of 1st period - Shot Misses the Net.
12:51 of 1st period - Slapshot by James van Riemsdyk.
12:51 of 1st period - Shot Misses the Net.
15:08 of 1st period - Justin Holl is hit by Nathan MacKinnon and loses puck.
15:25 of 1st period - Janne Kuokkanen is hit by Justin Holl and loses puck.
16:07 of 1st period - Snap shot by Zach Aston-Reese.
16:07 of 1st period - Stopped by Craig Anderson with a rebound.
16:09 of 1st period - Slapshot by Josh Manson.
16:09 of 1st period - Deflect By Mathieu Perreault.
16:09 of 1st period - Stopped by Craig Anderson with a rebound.
16:11 of 1st period - Snap shot by Zach Aston-Reese.
16:11 of 1st period - Shot Blocked by Travis Sanheim.
16:13 of 1st period - Wrist shot by Zach Aston-Reese.
16:13 of 1st period - Shot Blocked by Brent Seabrook.
16:27 of 1st period - Snap shot by Nathan MacKinnon.
16:27 of 1st period - Shot Misses the Net.
16:35 of 1st period - Snap shot by Mathieu Perreault.
16:35 of 1st period - Stopped by Mackenzie Blackwood with a rebound.
17:11 of 1st period - Brett Pesce is hit by Justin Abdelkader and loses puck.
17:51 of 1st period - Brent Seabrook is hit by Erik Gudbranson and loses puck.
18:00 of 1st period - Wrist shot by Nathan MacKinnon.
18:00 of 1st period - Shot Blocked by Lawrence Pilut.
18:02 of 1st period - Slapshot by Josh Manson.
18:02 of 1st period - Shot Misses the Net.
18:09 of 1st period - Icing by Lawrence Pilut.
18:10 of 1st period - Kyle Turris wins face-off versus Joel L'Esperance in Nordiques zone.
18:18 of 1st period - Slapshot by Mark Pysyk.
18:18 of 1st period - Shot Blocked by Lawrence Pilut.
18:20 of 1st period - Slapshot by Mark Pysyk.
18:20 of 1st period - Deflect By Kyle Turris.
18:20 of 1st period - Goal by Kyle Turris - Nordiques : 0 - Jets : 2.
18:21 of 1st period - Sebastian Aho wins face-off versus James van Riemsdyk in neutral zone.
18:53 of 1st period - Brent Seabrook is hit by Josh Manson and loses puck.
19:57 of 1st period - Snap shot by Joel L'Esperance.
19:57 of 1st period - Stopped by Mackenzie Blackwood without a rebound.
19:58 of 1st period - Brandon Dubinsky wins face-off versus Nathan MacKinnon in Jets zone.
Goals for this period are 0 for Nordiques vs 2 for Jets.
Shots for this period are 5 for Nordiques vs 12 for Jets.

2nd period


0:01 of 2nd period - Nathan MacKinnon wins face-off versus Sebastian Aho in neutral zone.
0:08 of 2nd period - Snap shot by Nathan MacKinnon.
0:08 of 2nd period - Shot Blocked by Brent Seabrook.
0:22 of 2nd period - Minor Penalty to Erik Gudbranson for Holding.
0:23 of 2nd period - Sebastian Aho wins face-off versus Nathan MacKinnon in Jets zone.
0:24 of 2nd period - Wrist shot by Alexander Wennberg.
0:24 of 2nd period - Stopped by Mackenzie Blackwood without a rebound.
0:25 of 2nd period - Sebastian Aho wins face-off versus Nathan MacKinnon in Jets zone.
0:59 of 2nd period - Snap shot by Justin Abdelkader.
0:59 of 2nd period - Stopped by Mackenzie Blackwood with a rebound.
1:01 of 2nd period - Slapshot by Justin Abdelkader.
1:01 of 2nd period - Goal by Justin Abdelkader - Nordiques : 1 - Jets : 2.
1:02 of 2nd period - Sebastian Aho wins face-off versus Nathan MacKinnon in neutral zone.
1:07 of 2nd period - Wrist shot by Sebastian Aho.
1:07 of 2nd period - Stopped by Mackenzie Blackwood without a rebound.
1:08 of 2nd period - Sebastian Aho wins face-off versus Nathan MacKinnon in Jets zone.
1:09 of 2nd period - Wrist shot by Tyler Johnson.
1:09 of 2nd period - Stopped by Mackenzie Blackwood with a rebound.
1:23 of 2nd period - Wrist shot by Victor Olofsson.
1:23 of 2nd period - Goal by Victor Olofsson - Nordiques : 1 - Jets : 3.
1:24 of 2nd period - Sebastian Aho wins face-off versus Nathan MacKinnon in neutral zone.
1:58 of 2nd period - Wrist shot by Justin Abdelkader.
1:58 of 2nd period - Shot Blocked by Josh Manson.
2:00 of 2nd period - Minor Penalty to Erik Gudbranson for Tripping.
2:01 of 2nd period - Sebastian Aho wins face-off versus Nathan MacKinnon in Jets zone.
2:23 of 2nd period - Icing by Tyler Johnson.
2:24 of 2nd period - James van Riemsdyk wins face-off versus Sebastian Aho in Nordiques zone.
2:29 of 2nd period - Slapshot by Nathan MacKinnon.
2:29 of 2nd period - Stopped by Craig Anderson without a rebound.
2:30 of 2nd period - Sebastian Aho wins face-off versus James van Riemsdyk in Nordiques zone.
2:57 of 2nd period - Kyle Turris is hit by Justin Abdelkader and loses puck.
4:00 of 2nd period - Penalty to Erik Gudbranson is over, Erik Gudbranson is back on ice.
4:14 of 2nd period - Wrist shot by Joel L'Esperance.
4:14 of 2nd period - Stopped by Mackenzie Blackwood with a rebound.
4:40 of 2nd period - Kyle Turris is hit by Cole Schneider and loses puck.
5:20 of 2nd period - Wrist shot by Victor Olofsson.
5:20 of 2nd period - Shot Blocked by Hudson Fasching.
5:22 of 2nd period - Slapshot by Josh Morrissey.
5:22 of 2nd period - Deflect By Ryan Lindgren.
5:22 of 2nd period - Stopped by Craig Anderson with a rebound.
5:24 of 2nd period - Snap shot by Kyle Turris.
5:24 of 2nd period - Stopped by Craig Anderson with a rebound.
5:26 of 2nd period - Wrist shot by Erik Gudbranson.
5:26 of 2nd period - Stopped by Craig Anderson without a rebound.
5:27 of 2nd period - Colton Sissons wins face-off versus Sebastian Aho in Nordiques zone.
5:57 of 2nd period - Janne Kuokkanen is hit by Justin Abdelkader and loses puck.
6:06 of 2nd period - Troy Brouwer is hit by Brandon Dubinsky and loses puck.
6:19 of 2nd period - Justin Holl is hit by Colton Sissons and loses puck.
6:26 of 2nd period - Jonathan Ericsson is hit by David Backes and loses puck.
6:49 of 2nd period - Slapshot by Nathan MacKinnon.
6:49 of 2nd period - Shot Blocked by Shayne Gostisbehere.
7:43 of 2nd period - James van Riemsdyk is hit by Kirby Dach and loses puck.
8:39 of 2nd period - Philippe Myers is hit by Nathan MacKinnon and loses puck.
8:50 of 2nd period - Snap shot by Justin Abdelkader.
8:50 of 2nd period - Shot Misses the Net.
8:52 of 2nd period - Minor Penalty to Wayne Simmonds for Slashing.
8:53 of 2nd period - Nathan MacKinnon wins face-off versus Brandon Dubinsky in Jets zone.
9:08 of 2nd period - Justin Holl is hit by Nathan MacKinnon and loses puck.
10:21 of 2nd period - Snap shot by Josh Morrissey.
10:21 of 2nd period - Stopped by Craig Anderson without a rebound.
10:22 of 2nd period - Sebastian Aho wins face-off versus Nathan MacKinnon in Nordiques zone.
10:39 of 2nd period - Brent Seabrook is hit by Kyle Turris and loses puck.
10:52 of 2nd period - Penalty to Wayne Simmonds is over, Wayne Simmonds is back on ice.
11:09 of 2nd period - Snap shot by David Backes.
11:09 of 2nd period - Shot Misses the Net.
11:23 of 2nd period - Snap shot by Joel L'Esperance.
11:23 of 2nd period - Stopped by Mackenzie Blackwood with a rebound.
11:25 of 2nd period - Snap shot by Cole Schneider.
11:25 of 2nd period - Goal by Cole Schneider - Nordiques : 2 - Jets : 3.
11:26 of 2nd period - Sebastian Aho wins face-off versus Nathan MacKinnon in neutral zone.
11:52 of 2nd period - Brent Seabrook is hit by Kyle Turris and loses puck.
12:13 of 2nd period - Wrist shot by Janne Kuokkanen.
12:13 of 2nd period - Shot Blocked by Travis Sanheim.
12:15 of 2nd period - Backhand shot by Mark Pysyk.
12:15 of 2nd period - Stopped by Craig Anderson with a rebound.
12:45 of 2nd period - Slapshot by Mathieu Perreault.
12:45 of 2nd period - Shot Misses the Net.
13:01 of 2nd period - Snap shot by Tyler Johnson.
13:01 of 2nd period - Shot Misses the Net.
13:03 of 2nd period - Snap shot by Shayne Gostisbehere.
13:03 of 2nd period - Stopped by Mackenzie Blackwood with a rebound.
13:05 of 2nd period - Wrist shot by Tyler Johnson.
13:05 of 2nd period - Stopped by Mackenzie Blackwood with a rebound.
13:17 of 2nd period - Wrist shot by Andreas Athanasiou.
13:17 of 2nd period - Shot Misses the Net.
13:19 of 2nd period - Wrist shot by Josh Manson.
13:19 of 2nd period - Stopped by Craig Anderson with a rebound.
13:37 of 2nd period - Slapshot by Shayne Gostisbehere.
13:37 of 2nd period - Shot Blocked by Josh Morrissey.
13:45 of 2nd period - Snap shot by William Carrier.
13:45 of 2nd period - Stopped by Craig Anderson without a rebound.
13:46 of 2nd period - Sebastian Aho wins face-off versus Nathan MacKinnon in Nordiques zone.
13:59 of 2nd period - Snap shot by Nathan MacKinnon.
13:59 of 2nd period - Shot Misses the Net.
14:01 of 2nd period - Wrist shot by Victor Olofsson.
14:01 of 2nd period - Shot Blocked by Ryan Lindgren.
14:19 of 2nd period - Minor Penalty to Brandon Dubinsky for Interference.
14:20 of 2nd period - Sebastian Aho wins face-off versus Nathan MacKinnon in Nordiques zone.
15:11 of 2nd period - Icing by Josh Morrissey.
15:12 of 2nd period - Joel Farabee wins face-off versus Nathan MacKinnon in Jets zone.
15:13 of 2nd period - Slapshot by Shayne Gostisbehere.
15:13 of 2nd period - Stopped by Mackenzie Blackwood with a rebound.
15:21 of 2nd period - Joel Farabee is hit by Victor Olofsson and loses puck.
16:07 of 2nd period - Off-side.
16:08 of 2nd period - Kyle Turris wins face-off versus Tyler Johnson in neutral zone.
16:19 of 2nd period - Penalty to Brandon Dubinsky is over, Brandon Dubinsky is back on ice.
16:28 of 2nd period - Off-side.
16:29 of 2nd period - Mathieu Perreault wins face-off versus Colton Sissons in neutral zone.
16:32 of 2nd period - Backhand shot by Mathieu Perreault.
16:32 of 2nd period - Shot Misses the Net.
16:45 of 2nd period - Slapshot by Zach Aston-Reese.
16:45 of 2nd period - Shot Misses the Net.
16:55 of 2nd period - Josh Manson is hit by Justin Holl.
17:05 of 2nd period - Snap shot by Victor Olofsson.
17:05 of 2nd period - Shot Misses the Net.
17:17 of 2nd period - Justin Holl is hit by Josh Morrissey and loses puck.
17:40 of 2nd period - Slapshot by Janne Kuokkanen.
17:40 of 2nd period - Stopped by Craig Anderson with a rebound.
18:01 of 2nd period - Slapshot by Travis Sanheim.
18:01 of 2nd period - Shot Blocked by Jonathan Ericsson.
18:03 of 2nd period - Minor Penalty to Zach Aston-Reese for Roughing.
18:04 of 2nd period - Sebastian Aho wins face-off versus Nathan MacKinnon in Jets zone.
Goals for this period are 2 for Nordiques vs 1 for Jets.
Shots for this period are 11 for Nordiques vs 10 for Jets.

3rd period


0:01 of 3rd period - Sebastian Aho wins face-off versus Nathan MacKinnon in neutral zone.
0:03 of 3rd period - Penalty to Zach Aston-Reese is over, Zach Aston-Reese is back on ice.
0:47 of 3rd period - Snap shot by Kirby Dach.
0:47 of 3rd period - Stopped by Mackenzie Blackwood with a rebound.
0:49 of 3rd period - Slapshot by Brent Seabrook.
0:49 of 3rd period - Stopped by Mackenzie Blackwood with a rebound.
0:51 of 3rd period - Backhand shot by Travis Sanheim.
0:51 of 3rd period - Stopped by Mackenzie Blackwood with a rebound.
2:06 of 3rd period - Nathan MacKinnon is hit by Philippe Myers and loses puck.
2:23 of 3rd period - Snap shot by Filip Chytil.
2:23 of 3rd period - Shot Misses the Net.
2:50 of 3rd period - Slapshot by Shayne Gostisbehere.
2:50 of 3rd period - Shot Misses the Net.
3:08 of 3rd period - Snap shot by Kyle Turris.
3:08 of 3rd period - Deflect By Wayne Simmonds.
3:08 of 3rd period - Goal by Wayne Simmonds - Nordiques : 2 - Jets : 4.
3:09 of 3rd period - Sebastian Aho wins face-off versus Nathan MacKinnon in neutral zone.
4:05 of 3rd period - Wrist shot by Colton Sissons.
4:05 of 3rd period - Stopped by Craig Anderson without a rebound.
4:06 of 3rd period - Nathan MacKinnon wins face-off versus Sebastian Aho in Nordiques zone.
4:41 of 3rd period - Slapshot by Josh Manson.
4:41 of 3rd period - Stopped by Craig Anderson with a rebound.
4:43 of 3rd period - Snap shot by Erik Gudbranson.
4:43 of 3rd period - Stopped by Craig Anderson with a rebound.
4:45 of 3rd period - Snap shot by Wayne Simmonds.
4:45 of 3rd period - Stopped by Craig Anderson with a rebound.
4:47 of 3rd period - Wrist shot by Kyle Turris.
4:47 of 3rd period - Goal by Kyle Turris - Nordiques : 2 - Jets : 5.
4:48 of 3rd period - Sebastian Aho wins face-off versus Nathan MacKinnon in neutral zone.
5:01 of 3rd period - Wrist shot by Alexander Wennberg.
5:01 of 3rd period - Deflect By Sebastian Aho.
5:01 of 3rd period - Shot Blocked by Erik Gudbranson.
5:01 of 3rd period - Puck is out of play.
5:02 of 3rd period - Nathan MacKinnon wins face-off versus Brandon Dubinsky in Jets zone.
6:00 of 3rd period - Snap shot by Brett Pesce.
6:00 of 3rd period - Shot Misses the Net.
6:02 of 3rd period - Slapshot by Brett Pesce.
6:02 of 3rd period - Deflect By Filip Chytil.
6:02 of 3rd period - Shot Misses the Net.
6:02 of 3rd period - Puck is out of play.
6:03 of 3rd period - Brandon Dubinsky wins face-off versus Nathan MacKinnon in Nordiques zone.
6:12 of 3rd period - Wrist shot by Kirby Dach.
6:12 of 3rd period - Stopped by Mackenzie Blackwood without a rebound.
6:13 of 3rd period - Brandon Dubinsky wins face-off versus Nathan MacKinnon in Jets zone.
6:14 of 3rd period - Slapshot by Kirby Dach.
6:14 of 3rd period - Stopped by Mackenzie Blackwood with a rebound.
6:32 of 3rd period - Slapshot by Victor Olofsson.
6:32 of 3rd period - Goal by Victor Olofsson - Nordiques : 2 - Jets : 6.
6:32 of 3rd period - Dan Vladar enters game.
6:33 of 3rd period - Nathan MacKinnon wins face-off versus Sebastian Aho in neutral zone.
6:40 of 3rd period - Snap shot by Victor Olofsson.
6:40 of 3rd period - Stopped by Dan Vladar with a rebound.
6:58 of 3rd period - Andreas Athanasiou is hit by Brent Seabrook and loses puck.
7:20 of 3rd period - Off-side.
7:21 of 3rd period - Colton Sissons wins face-off versus Cole Schneider in neutral zone.
7:29 of 3rd period - Erik Gudbranson and Hudson Fasching fight to a draw.
7:29 of 3rd period - Penalty to Erik Gudbranson for Fighting.
7:29 of 3rd period - Penalty to Hudson Fasching for Fighting.
7:30 of 3rd period - Nathan MacKinnon wins face-off versus Sebastian Aho in Nordiques zone.
8:45 of 3rd period - Snap shot by Joel L'Esperance.
8:45 of 3rd period - Shot Blocked by Josh Manson.
8:47 of 3rd period - Slapshot by Philippe Myers.
8:47 of 3rd period - Shot Blocked by Andreas Athanasiou.
8:59 of 3rd period - Wrist shot by Sebastian Aho.
8:59 of 3rd period - Stopped by Mackenzie Blackwood with a rebound.
9:09 of 3rd period - Slapshot by Andreas Athanasiou.
9:09 of 3rd period - Stopped by Dan Vladar without a rebound.
9:10 of 3rd period - Colton Sissons wins face-off versus Brandon Dubinsky in Nordiques zone.
9:21 of 3rd period - Wrist shot by Kirby Dach.
9:21 of 3rd period - Goal by Kirby Dach - Nordiques : 3 - Jets : 6.
9:22 of 3rd period - Nathan MacKinnon wins face-off versus Sebastian Aho in neutral zone.
9:34 of 3rd period - Wrist shot by Alexander Wennberg.
9:34 of 3rd period - Stopped by Mackenzie Blackwood without a rebound.
9:35 of 3rd period - Sebastian Aho wins face-off versus Victor Olofsson in Jets zone.
9:41 of 3rd period - Off-side.
9:42 of 3rd period - Sebastian Aho wins face-off versus Nathan MacKinnon in neutral zone.
10:17 of 3rd period - Snap shot by Victor Olofsson.
10:17 of 3rd period - Shot Misses the Net.
10:19 of 3rd period - Slapshot by Josh Morrissey.
10:19 of 3rd period - Shot Misses the Net.
10:21 of 3rd period - Snap shot by Nathan MacKinnon.
10:21 of 3rd period - Shot Blocked by Travis Sanheim.
10:29 of 3rd period - Snap shot by Victor Olofsson.
10:29 of 3rd period - Shot Blocked by Tyler Johnson.
10:31 of 3rd period - Snap shot by Victor Olofsson.
10:31 of 3rd period - Goal by Victor Olofsson - Nordiques : 3 - Jets : 7.
10:32 of 3rd period - Kyle Turris wins face-off versus Brandon Dubinsky in neutral zone.
10:43 of 3rd period - Wrist shot by Kyle Turris.
10:43 of 3rd period - Goal by Kyle Turris - Nordiques : 3 - Jets : 8.
10:44 of 3rd period - Nathan MacKinnon wins face-off versus Sebastian Aho in neutral zone.
10:55 of 3rd period - Wrist shot by Victor Olofsson.
10:55 of 3rd period - Stopped by Dan Vladar without a rebound.
10:56 of 3rd period - Nathan MacKinnon wins face-off versus Alexander Wennberg in Nordiques zone.
10:57 of 3rd period - Snap shot by Victor Olofsson.
10:57 of 3rd period - Deflect By Nathan MacKinnon.
10:57 of 3rd period - Stopped by Dan Vladar with a rebound.
10:59 of 3rd period - Snap shot by Nathan MacKinnon.
10:59 of 3rd period - Shot Misses the Net.
11:03 of 3rd period - Wrist shot by Nathan MacKinnon.
11:03 of 3rd period - Shot Misses the Net.
11:05 of 3rd period - Backhand shot by Josh Manson.
11:05 of 3rd period - Shot Blocked by Brent Seabrook.
11:07 of 3rd period - Snap shot by Victor Olofsson.
11:07 of 3rd period - Shot Blocked by Tyler Johnson.
11:09 of 3rd period - Snap shot by James van Riemsdyk.
11:09 of 3rd period - Shot Blocked by Sebastian Aho.
11:11 of 3rd period - Snap shot by Mark Pysyk.
11:11 of 3rd period - Deflect By Tyler Johnson.
11:11 of 3rd period - Stopped by Dan Vladar with a rebound.
11:23 of 3rd period - Brandon Dubinsky is hit by Wayne Simmonds and loses puck.
11:28 of 3rd period - Wrist shot by Andreas Athanasiou.
11:28 of 3rd period - Stopped by Dan Vladar with a rebound.
11:30 of 3rd period - Wrist shot by Wayne Simmonds.
11:30 of 3rd period - Shot Blocked by Brent Seabrook.
11:32 of 3rd period - Wrist shot by Kyle Turris.
11:32 of 3rd period - Shot Misses the Net.
11:46 of 3rd period - Snap shot by David Backes.
11:46 of 3rd period - Shot Hit the Post.
12:37 of 3rd period - Slapshot by Shayne Gostisbehere.
12:37 of 3rd period - Shot Blocked by Josh Manson.
12:53 of 3rd period - Snap shot by Kyle Turris.
12:53 of 3rd period - Shot Misses the Net.
13:42 of 3rd period - Wrist shot by Kirby Dach.
13:42 of 3rd period - Shot Blocked by Josh Morrissey.
13:44 of 3rd period - Wrist shot by Kirby Dach.
13:44 of 3rd period - Stopped by Mackenzie Blackwood with a rebound.
14:00 of 3rd period - Sebastian Aho is hit by Josh Morrissey.
14:24 of 3rd period - Snap shot by Joel Farabee.
14:24 of 3rd period - Shot Misses the Net.
14:26 of 3rd period - Wrist shot by Lawrence Pilut.
14:26 of 3rd period - Stopped by Mackenzie Blackwood with a rebound.
14:30 of 3rd period - Slapshot by Joel L'Esperance.
14:30 of 3rd period - Shot Misses the Net.
14:32 of 3rd period - Snap shot by Cole Schneider.
14:32 of 3rd period - Shot Blocked by Janne Kuokkanen.
15:12 of 3rd period - Snap shot by Brandon Dubinsky.
15:12 of 3rd period - Stopped by Mackenzie Blackwood with a rebound.
15:37 of 3rd period - Slapshot by Josh Morrissey.
15:37 of 3rd period - Shot Blocked by Joel Farabee.
15:52 of 3rd period - Snap shot by Filip Chytil.
15:52 of 3rd period - Shot Blocked by Ryan Lindgren.
16:02 of 3rd period - Wrist shot by Joel L'Esperance.
16:02 of 3rd period - Stopped by Mackenzie Blackwood without a rebound.
16:03 of 3rd period - Sebastian Aho wins face-off versus Nathan MacKinnon in Jets zone.
16:28 of 3rd period - Justin Abdelkader is hit by Wayne Simmonds and loses puck.
16:53 of 3rd period - Wrist shot by Joel Farabee.
16:53 of 3rd period - Deflect By Erik Gudbranson.
16:53 of 3rd period - Shot Blocked by Janne Kuokkanen.
16:53 of 3rd period - Puck is out of play.
16:54 of 3rd period - Janne Kuokkanen wins face-off versus Mathieu Perreault in Jets zone.
16:54 of 3rd period - Janne Kuokkanen is hit by David Backes.
17:08 of 3rd period - Snap shot by William Carrier.
17:08 of 3rd period - Shot Misses the Net.
17:28 of 3rd period - Wrist shot by Victor Olofsson.
17:28 of 3rd period - Stopped by Dan Vladar with a rebound.
17:45 of 3rd period - Off-side.
17:46 of 3rd period - Brandon Dubinsky wins face-off versus Kyle Turris in neutral zone.
17:51 of 3rd period - Wrist shot by Kirby Dach.
17:51 of 3rd period - Goal by Kirby Dach - Nordiques : 4 - Jets : 8.
17:52 of 3rd period - Nathan MacKinnon wins face-off versus Sebastian Aho in neutral zone.
18:57 of 3rd period - Snap shot by Wayne Simmonds.
18:57 of 3rd period - Shot Misses the Net.
18:59 of 3rd period - Snap shot by Andreas Athanasiou.
18:59 of 3rd period - Deflect By Kyle Turris.
18:59 of 3rd period - Stopped by Dan Vladar without a rebound.
19:00 of 3rd period - Sebastian Aho wins face-off versus Nathan MacKinnon in Nordiques zone.
Goals for this period are 2 for Nordiques vs 5 for Jets.
Shots for this period are 13 for Nordiques vs 17 for Jets. Output by the SimonT Hockey Simulator (STHS) for Eric Tremblay - Original Page W3C HTML5 Valid
Hockey Simulator - Hockey Simulation - Hockey Manager